 Dungeon Crawl Stone Soup version 0.28-a0-1227-ga9037bb4c8 (webtiles) character file.

Game seed: 14924618313579864887

40 BinkBink the Cutter (level 3, 0/29 HPs)
             Began as a Demonspawn Monk on Dec 22, 2021.
             Was a Priest of Lugonu.
             Slain by a gnoll (6 damage)
             ... on level 2 of the Dungeon.
             The game lasted 00:02:54 (2350 turns).

BinkBink the Cutter (Demonspawn Monk)               Turns: 2350, Time: 00:02:56

Health: 0/29       AC:  4    Str: 11    XL:     3   Next: 30%
Magic:  3/3        EV: 12    Int: 11    God:    Lugonu [***...]
Gold:   106        SH: 13    Dex: 17    Spells: 2/2 levels left

rFire   . . .      SeeInvis .   a - +0 short sword
rCold   . . .      Faith    .   g - +0 kite shield
rNeg    . . .      Spirit   .   b - +0 robe
rPois   .          Reflect  +   j - +0 helmet
rElec   .          Harm     .   c - +0 cloak
rCorr   .          Rampage  .   (no gloves)
Will    .....                   (no boots)
Stlth   ++........              i - amulet of reflection
HPRegen 0.09/turn               (no ring)
MPRegen 0.16/turn               (no ring)

@: no status effects
A: repulsion field 1, magic regeneration
a: Renounce Religion, Depart the Abyss, Bend Space, Banish


You were on level 2 of the Dungeon.
You worshipped Lugonu.
Lugonu was most pleased with you.
You visited 1 branch of the dungeon, and saw 2 of its levels.

You collected 106 gold pieces.

Inventory:

Hand Weapons
 a - a +0 short sword (weapon)
Armour
 b - a +0 robe (worn)
 c - a +0 cloak (worn)
 g - a +0 kite shield (worn)
 j - a +0 helmet (worn)
Jewellery
 i - an amulet of reflection (around neck)
Scrolls
 e - 2 scrolls of magic mapping {unknown}
 f - 2 scrolls of amnesia {unknown}
 h - a scroll of enchant weapon {unknown}
Potions
 d - a potion of haste {unknown}
 k - a potion of mutation {unknown}


   Skills:
 - Level 3.0 Fighting
 + Level 3.8 Short Blades
 - Level 2.6 Dodging
 - Level 1.7 Stealth
 + Level 1.0 Shields


You had 2 spell levels left.
You didn't know any spells.
Your spell library contained the following spells:

 Spells                   Type           Power      Damage    Failure   Level
 Beastly Appendage        Tmut           0%         N/A       91%         1
 Sandblast                Erth           0%         2d4       91%         1
 Passwall                 Tmut/Erth      0%         N/A       97%         2
 Wereblood                Tmut           0%         N/A       97%         2
 Spider Form              Tmut/Pois      0%         N/A       100%        3
 Stone Arrow              Conj/Erth      0%         3d7       100%        3


Dungeon Overview and Level Annotations

Branches:
Dungeon (2/15)

Altars:
Lugonu


Innate Abilities, Weirdness & Mutations

You are surrounded by a mild repulsion field. (EV +2)
You regenerate magic rapidly.


Message History

A gnoll comes into view. It is wielding a +0 spear.
The gnoll moves out of view.
A gnoll comes into view. It is wielding a +0 spear.
The gnoll shouts! x2
You block the gnoll's attack. The gnoll closely misses you.
You closely miss the gnoll. The gnoll completely misses you.
You block the gnoll's attack.
You hit the gnoll.
The gnoll is lightly wounded.
The gnoll closely misses you. You block the gnoll's attack. x2
You hit the gnoll.
The gnoll is moderately wounded.
The gnoll hits you from afar with a +0 spear.
You block the gnoll's attack. The gnoll barely misses you.
The gnoll hits you from afar with a +0 spear.
The gnoll hits you with a +0 spear.
You hit the gnoll.
The gnoll is heavily wounded.
You block the gnoll's attack. The gnoll hits you but does no damage.
The gnoll hits you with a +0 spear.
You hit the gnoll.
The gnoll is heavily wounded.
You block the gnoll's attack. The gnoll closely misses you. x2
You block the gnoll's attack. You block the gnoll's attack.
The gnoll hits you from afar with a +0 spear!
You hit the gnoll.
The gnoll is severely wounded.
The gnoll hits you with a +0 spear. You block the gnoll's attack.
You are too injured to fight recklessly!
You are too injured to fight recklessly!
You are too injured to fight recklessly!
You hit the gnoll.
The gnoll is almost dead.
The gnoll closely misses you.
The gnoll hits you from afar with a +0 spear.
* * * LOW HITPOINT WARNING * * *
The gnoll hits you with a +0 spear.
You die...

.##..#............≈≈≈≈......##.#.
.##.)#.....#....88≈≈≈≈≈88...##...
...........#................#....
###..#.....##...............#....
.........<.###..88≈≈≈≈≈88..##....
####.##............≈≈≈≈≈#####....
..............####.≈≈≈≈≈# #....
#####.#.##.##.####.#≈≈≈≈## #####
#.#.##..(ggg@...≈≈≈≈≈# #
#.#.##..#.####..≈≈≈≈≈# #
#####.#.##....# #..#≈≈≈≈## ###
...........#..####..#≈≈≈≈.+ +..
....................#≈≈≈≈≈# ###
.####.#.##.#..####...≈≈≈≈≈# # .#
#.#.##.#..####...#≈≈≈≈# # .#
###.##.#.^........≈≈≈≈# # .#
#.##.#...###....≈≈≈≈# #


You could see 3 gnolls.

Vanquished Creatures
  A worm (D:2)
  9 bats
  4 endoplasms
  4 goblins
  A hobgoblin (D:2)
  A jackal (D:1)
  3 quokkas
  2 ball pythons (D:1)
  2 frilled lizards
  4 kobolds
  3 rats (D:1)
34 creatures vanquished.

Notes
Turn   | Place    | Note
-------+----------+-------------------------------------------
     0 | D:1      | BinkBink the Demonspawn Monk began the quest for the Orb.
     0 | D:1      | Reached XP level 1. HP: 18/18 MP: 1/1
   153 | D:1      | Found a faded altar of an unknown god.
   344 | D:1      | Gained mutation: You are surrounded by a mild repulsion
                  | field. (EV +2) [demonic ancestry]
   344 | D:1      | Reached XP level 2. HP: 24/24 MP: 2/2
  1418 | D:1      | Prayed at the altar of an unknown god.
  1418 | D:1      | Became a worshipper of Lugonu the Unformed
  1418 | D:1      | Reached * piety under Lugonu
  1418 | D:1      | Reached ** piety under Lugonu
  1418 | D:1      | Reached *** piety under Lugonu
  1633 | D:2      | Gained mutation: You regenerate magic rapidly. [demonic
                  | ancestry]
  1633 | D:2      | Reached XP level 3. HP: 29/29 MP: 3/3
  2191 | D:2      | Found Vuureda's Armour Boutique.
  2211 | D:2      | Reached skill level 1 in Shields
  2350 | D:2      | Slain by a gnoll

Illustrated notes

Levels and vault maps discovered:
D:1:      dpeg_arrival_another_circle, layout_basic, serial_forest,
          infiniplex_forest_side_room, infiniplex_forest_lined_4_way,
          infiniplex_forest_straight_5, infiniplex_forest_end_2,
          infiniplex_forest_lined_2, infiniplex_forest_pool,
          infiniplex_forest_clump_double, ebering_ecumenical_altar_webs,
          hangedman_decor_peaks_small, minmay_tromino_v4_b
D:2:      wander_river, layout_basic, serial_shops, nicolae_shop_crystal,
          grunt_ministairs_9

Skill      XL: |  1  2  3 |
---------------+----------+-----
Short Blades   | 3 |  3.8
Shields        | 1 |  1.0
Fighting       | |  3.0
Dodging        | |  2.6
Stealth        | |  1.7

Action                   || total
-------------------------++-------
Melee: Short sword       ||   141
 Stab: Sleeping          ||     5
Armor: Robe              ||    24
Dodge: Dodged            ||    89
Block: Kite shield       ||    63

Table legend: (Time is in decaauts)
 A = Elapsed time spent in this place.
 B = Non-inter-level travel time spent in this place.
 C = Inter-level travel time spent in this place.
 D = Time resting spent in this place.
 E = Time spent auto-exploring this place.
 F = Levels seen in this place.
 G = Mean time per level.
                   A        B        C        D        E       F      G
               +--------+--------+--------+--------+--------+-----+--------+
         Total |   2373 |   2240 |    133 |      0 |   1908 |   2 | 1186.5 |
       Dungeon |   2373 |   2240 |    133 |      0 |   1908 |   2 | 1186.5 |
               +--------+--------+--------+--------+--------+-----+--------+

Top non-repeatable levels by time:
     D:1: 1445 daAuts
     D:2: 927 daAuts
